[Event "Titled Tuesday Blitz February 28 Early 2023"]
[White "Boraso, Alessio"]
[Black "Atanasov, Anthony"]
[WhiteFideId "848077"]
[BlackFideId "2623897"]
[WhiteElo "2286"]
[BlackElo "2070"]
[Result "1-0"]
[Round "03"]
[TimeControl "180+2"]
[Date "2023.02.28"]
[WhiteClock "0:00:05"]
[BlackClock "0:00:57"]

1. e4 e5 2. Nf3 Nf6 3. Nc3 Nc6 4. a3 a6 5. d4 exd4 6. Nxd4 Nxe4 7. Nxc6 Nxc3 8. Nxd8 Nxd1 9. Nxf7 Kxf7 10. Kxd1 d5 11. Be2 Bc5 12. Be3 Bxe3 13. fxe3 Bf5 14. Bd3 Bxd3 15. cxd3 Ke6 16. Ke2 Rhf8 17. Rhf1 c6 18. g4 Rae8 19. h4 g6 20. b4 Kd6 21. d4 h6 22. h5 g5 23. a4 Ra8 24. a5 Ke6 25. Rxf8 Rxf8 26. Rf1 Re8 27. Rf5 Re7 28. Kd3 Rf7 29. Rxf7 Kxf7 30. Kd2 Ke7 31. Kc3 Kd7 32. Kd3 Kc7 33. Ke2 b6 34. Kd3 Kd6 35. axb6 Kd7 36. e4 dxe4+ 37. Kxe4 Kc8 38. d5 cxd5+ 39. Kxd5 Kb7 40. Kc5 Kc8 41. Kc6 Kb8 42. b7 a5 43. bxa5 Ka7 44. Kc7 1-0


[Site "https://www.chess.com"]

[Event "Titled Tuesday Blitz February 28 Early 2023"]
[White "Gatterer, Florian"]
[Black "Souleidis, Georgios"]
[WhiteFideId "811688"]
[BlackFideId "4206827"]
[WhiteElo "2221"]
[BlackElo "2401"]
[Result "1/2-1/2"]
[Round "03"]
[TimeControl "180+2"]
[Date "2023.02.28"]
[WhiteClock "0:00:51"]
[BlackClock "0:00:47"]

1. d4 Nf6 2. Nf3 g6 3. g3 Bg7 4. Bg2 O-O 5. O-O d6 6. Re1 c6 7. e4 Qc7 8. Nc3 e5 9. h3 Re8 10. Be3 b6 11. Qd2 Nbd7 12. Rad1 Bb7 13. dxe5 dxe5 14. Qd6 Qxd6 15. Rxd6 Bf8 16. Rdd1 Kg7 17. Bf1 Bc5 18. a3 Bxe3 19. Rxe3 b5 20. Rd6 a5 21. g4 h6 22. Re1 b4 23. Na4 Rac8 24. Red1 Re7 25. Nd2 c5 26. Bb5 Rc7 27. f3 1/2-1/2


[Site "https://www.chess.com"]

[Event "Titled Tuesday Blitz February 28 Early 2023"]
[White "Martin Carmona, Gaston Manuel"]
[Black "Alice, Mateus Felizardo Viageiro"]
[WhiteFideId "22284567"]
[BlackFideId "14800047"]
[WhiteElo "2245"]
[BlackElo "2189"]
[Result "1-0"]
[Round "03"]
[TimeControl "180+2"]
[Date "2023.02.28"]
[WhiteClock "0:02:30"]
[BlackClock "0:02:37"]

1. Nf3 Nf6 2. c4 e6 3. g3 d5 4. d4 Be7 5. Bg2 O-O 6. O-O b6 7. cxd5 exd5 8. Nc3 h6 9. Bf4 Re8 10. Rc1 Ba6 11. Qa4 c6 12. Bxb8 b5 13. Qxa6 1-0


[Site "https://www.chess.com"]

[Event "Titled Tuesday Blitz February 28 Early 2023"]
[White "Petrova, Irina"]
[Black "Omelja, Artem"]
[WhiteFideId "14124122"]
[BlackFideId "14119846"]
[WhiteElo "2084"]
[BlackElo "2404"]
[Result "1/2-1/2"]
[Round "03"]
[TimeControl "180+2"]
[Date "2023.02.28"]
[WhiteClock "0:00:04"]
[BlackClock "0:00:02"]

1. e4 c5 2. Nf3 Nc6 3. Bb5 g6 4. Bxc6 bxc6 5. O-O Bg7 6. c3 d6 7. Re1 Bg4 8. h3 Bxf3 9. Qxf3 e5 10. d3 Ne7 11. Nd2 O-O 12. Nc4 Qc7 13. b3 h6 14. Qg3 Kh7 15. Bd2 f5 16. Rac1 f4 17. Qg4 Rf6 18. d4 h5 19. Qf3 Rd8 20. dxe5 dxe5 21. Rcd1 Nc8 22. Bc1 Rff8 23. Ba3 Qe7 24. Rxd8 Rxd8 25. Rd1 Nb6 26. Rxd8 Qxd8 27. Bxc5 Nxc4 28. bxc4 Qa5 29. Be7 Qxa2 30. Qd1 Qxc4 31. Qd7 Qf7 32. Qxa7 f3 33. Bc5 Qxa7 34. Bxa7 fxg2 35. Kxg2 Kg8 36. Kf3 Kf7 37. Bc5 Ke6 38. Ke3 g5 39. f3 Bh6 40. Kd3 Bg7 41. Be3 Bf6 42. Bc5 Bd8 43. Ke3 Kf6 44. Kd3 Ba5 45. Be3 Bd8 46. Bc5 Ke6 47. Ke3 Bf6 48. Kd3 Kd7 49. Ke3 Kc7 50. Kd3 Kb7 51. Be3 Kc7 52. Bc5 Bd8 53. Ke3 Kb7 54. Kd3 Ka6 55. Be3 Kb5 56. Bf2 Be7 57. Bg3 Bd6 58. Bf2 Bc5 59. Bg3 Bd6 60. Bf2 Bc7 61. Be3 Bd6 62. Bxg5 c5 63. Bf6 c4+ 64. Kc2 Kc5 65. Bg5 Bc7 66. Be3+ Kd6 67. Ba7 Ke6 68. Be3 Bd6 69. Kd2 Be7 70. Kc2 Bd6 71. Kd2 Be7 72. Kc2 Bd6 1/2-1/2


[Site "https://www.chess.com"]

[Event "Titled Tuesday Blitz February 28 Early 2023"]
[White "Lucassen, Mickey"]
[Black "Yaniuk, Volodymyr"]
[WhiteFideId "12919110"]
[BlackFideId "14133083"]
[WhiteElo "2342"]
[BlackElo "2141"]
[Result "1/2-1/2"]
[Round "03"]
[TimeControl "180+2"]
[Date "2023.02.28"]
[WhiteClock "0:00:08"]
[BlackClock "0:00:07"]

1. d4 d5 2. Nc3 Nf6 3. Bf4 a6 4. e3 Bf5 5. Bd3 e6 6. Bxf5 exf5 7. Nf3 c6 8. Ne5 Nbd7 9. O-O Nxe5 10. dxe5 Nd7 11. f3 Bc5 12. Kh1 g5 13. Bg3 Bxe3 14. f4 g4 15. Qd3 d4 16. Ne2 h5 17. Nxd4 Bxd4 18. Qxd4 Nf8 19. Qc3 Ne6 20. Rad1 Qe7 21. Qd3 h4 22. Be1 Rh5 23. Ba5 h3 24. g3 Kf8 25. Bb6 Kg7 26. Qd6 Re8 27. Rd2 Kg6 28. Rfd1 Rhh8 29. Qxe7 Rxe7 30. Rd7 Rhe8 31. Kg1 Rxd7 32. Rxd7 f6 33. exf6 Kxf6 34. Rxb7 c5 35. Ba5 Nd4 36. Bc3 Re2 37. Rb6+ Kf7 38. Bxd4 cxd4 39. Rd6 Rg2+ 40. Kf1 Rxh2 41. Rxd4 Rxc2 42. Kg1 Rg2+ 43. Kh1 Rxb2 44. Ra4 Ke6 45. Rxa6+ Kd5 46. Ra5+ Ke4 47. Ra4+ Kf3 48. Ra3+ Kf2 49. Kh2 Rc2 50. Ra4 Re2 51. Ra3 Re1 52. Rb3 Ra1 53. Rb2+ Kf3 54. Rb3+ Ke4 55. Rb4+ Kd3 56. Rb2 Kc3 57. Rf2 Rb1 58. Re2 Kd3 59. Rf2 Ra1 60. Rb2 Kc4 61. Rc2+ Kb4 62. Re2 Ka3 63. Re3+ Kb4 64. Re2 Ka3 65. Re3+ Kxa2 66. Re5 Kb3 67. Rxf5 Ra2+ 68. Kh1 Rg2 69. Rg5 Rxg3 70. f5 Kc4 71. f6 Kd3 72. f7 Rf3 73. Rxg4 Rf1+ 74. Kh2 Rxf7 75. Rg3+ Ke2 76. Rxh3 Kf2 77. Ra3 Rh7+ 78. Rh3 Rg7 79. Rh4 Rg2+ 80. Kh3 Rg3+ 81. Kh2 Rg2+ 82. Kh3 Rg1 83. Rf4+ Ke3 84. Rg4 Rh1+ 85. Kg3 Ra1 86. Kh4 Ra8 87. Kg5 Rg8+ 88. Kf5 Rxg4 89. Kxg4 1/2-1/2


[Site "https://www.chess.com"]

[Event "Titled Tuesday Blitz February 28 Early 2023"]
[White "Prudnykova, Olga"]
[Black "Fieberg, Samuel"]
[WhiteFideId "14121093"]
[BlackFideId "12901717"]
[WhiteElo "2174"]
[BlackElo "2476"]
[Result "1-0"]
[Round "03"]
[TimeControl "180+2"]
[Date "2023.02.28"]
[WhiteClock "0:01:40"]
[BlackClock "0:00:27"]

1. e4 e6 2. d4 d5 3. Nc3 Nf6 4. e5 Nfd7 5. Qh5 g6 6. Qh3 c5 7. dxc5 Nc6 8. Nf3 Ndxe5 9. Nxe5 Nxe5 10. Bf4 Bg7 11. Qg3 f6 12. O-O-O O-O 13. h4 Nf7 14. Bc7 Qe8 15. Nb5 Bd7 16. Nd6 Nxd6 17. Bxd6 Rf7 18. h5 g5 19. h6 Bh8 20. f4 f5 21. Qxg5+ Bg7 22. Be5 Qd8 23. Qxd8+ Rxd8 24. hxg7 1-0


[Site "https://www.chess.com"]

[Event "Titled Tuesday Blitz February 28 Early 2023"]
[White "Fawzy, Adham"]
[Black "Yayloyan, Konstantin"]
[WhiteFideId "10613129"]
[BlackFideId "13307088"]
[WhiteElo "2543"]
[BlackElo "2190"]
[Result "0-1"]
[Round "03"]
[TimeControl "180+2"]
[Date "2023.02.28"]
[WhiteClock "0:00:02"]
[BlackClock "0:00:23"]

1. e4 c5 2. Nf3 d6 3. d4 cxd4 4. Nxd4 Nf6 5. Nc3 Bd7 6. Bg5 e6 7. Ndb5 Bc6 8. Bxf6 gxf6 9. Qh5 a6 10. Nd4 Bd7 11. O-O-O Nc6 12. Nb3 b5 13. f4 b4 14. Ne2 a5 15. f5 e5 16. Ng3 Be7 17. Bc4 Rf8 18. Qxh7 a4 19. Nh5 Qc7 20. Nd2 Nd4 21. Kb1 Bb5 22. Bxb5+ Nxb5 23. Ng7+ Kd8 24. Qh3 a3 25. Qd3 Qc6 26. Qc4 Qa6 27. Qxb4 axb2 28. a4 Nd4 29. Nb3 d5 30. Nc5 Qa7 31. Nb7+ Kd7 0-1


[Site "https://www.chess.com"]

[Event "Titled Tuesday Blitz February 28 Early 2023"]
[White "Lorenzo De La Riva, Lazaro"]
[Black "Rodriguez Fontecha, Marcos"]
[WhiteFideId "2268809"]
[BlackFideId "2256576"]
[WhiteElo "2294"]
[BlackElo "2263"]
[Result "0-1"]
[Round "03"]
[TimeControl "180+2"]
[Date "2023.02.28"]
[WhiteClock "0:00:01"]
[BlackClock "0:00:33"]

1. e4 e6 2. d4 c5 3. Nf3 a6 4. c4 b6 5. Nc3 Bb7 6. d5 exd5 7. exd5 d6 8. Bd3 Nf6 9. O-O Be7 10. Re1 O-O 11. a4 Re8 12. h3 Nbd7 13. Bf4 Nf8 14. Qd2 Ng6 15. Bh2 Bf8 16. a5 Rxe1+ 17. Qxe1 Qc7 18. axb6 Qxb6 19. Qd2 Re8 20. Na4 Qd8 21. Qc2 Qa5 22. Ra3 Qb4 23. Nc3 Bc8 24. Bg3 Nh5 25. Bh2 Nh4 26. Nxh4 Re1+ 27. Bf1 Qxc4 28. Qe2 Rxe2 29. Bxe2 Qxh4 30. Ra4 Qg5 31. g4 Qc1+ 32. Kg2 Qxb2 33. Rc4 Nf6 34. Bf3 Qb3 35. Be2 a5 36. g5 Ba6 37. Rf4 Bxe2 38. Nxe2 Qxd5+ 39. Kg1 Qd1+ 0-1


[Site "https://www.chess.com"]

[Event "Titled Tuesday Blitz February 28 Early 2023"]
[White "Antonio, Jorge Carlos"]
[Black "Chernomordik, Pavel"]
[WhiteFideId "113190"]
[BlackFideId "2804530"]
[WhiteElo "2247"]
[BlackElo "2193"]
[Result "0-1"]
[Round "03"]
[TimeControl "180+2"]
[Date "2023.02.28"]
[WhiteClock "0:00:12"]
[BlackClock "0:00:09"]

1. d4 g6 2. Nf3 Bg7 3. c4 d6 4. Nc3 Nc6 5. e4 Bg4 6. Be3 Bxf3 7. gxf3 e5 8. d5 Nd4 9. f4 c5 10. fxe5 Bxe5 11. f4 Qh4+ 12. Bf2 Qxf4 13. Be2 Nf6 14. Bg3 Qe3 15. Qd3 Bxg3+ 16. hxg3 Nf3+ 17. Kf1 Qxd3 18. Bxd3 Ne5 19. Ke2 Ke7 20. Raf1 a6 21. Kd2 h5 22. a3 Rac8 23. Rf4 Ne8 24. Rhf1 g5 25. Rf5 f6 26. Nd1 Rh6 27. Ne3 Ng7 28. b4 Rg6 29. R5f2 b6 30. Rb1 Rc7 31. Be2 Rh6 32. Rh1 a5 33. b5 Rc8 34. a4 Rch8 35. Rfh2 Kf7 36. g4 h4 37. Rf1 h3 38. Nd1 Ne8 39. Nf2 Rh4 40. Rfh1 Ng7 41. Rxh3 Rxh3 42. Rxh3 Rxh3 43. Nxh3 Ng6 44. Ke3 Ne5 45. Nf2 Kg6 46. Nh3 Ne8 47. Nf2 Nc7 48. Nd3 Nxc4+ 49. Kf3 Ne8 50. Nxc5 Ne5+ 51. Kg3 dxc5 52. Bd1 Nd6 53. Be2 Nxe4+ 54. Kg2 c4 55. Bf3 Nd6 56. Bd1 c3 57. Kf2 Nec4 58. Ke2 Na3 59. Kd3 c2 60. Bxc2 Nxc2 61. Kxc2 f5 62. Kd3 fxg4 63. Kd4 Kf5 64. Ke3 Ke5 65. Kf2 Kxd5 66. Kg3 Kc4 67. Kxg4 Kb4 68. Kxg5 Kxa4 69. Kf4 Kxb5 70. Ke3 a4 71. Kd2 Kb4 72. Kc2 a3 73. Kb1 Nb5 74. Ka2 Nd4 75. Ka1 Kb3 76. Kb1 a2+ 77. Ka1 Nc2# 0-1


[Site "https://www.chess.com"]

[Event "Titled Tuesday Blitz February 28 Early 2023"]
[White "Herbst, Richard"]
[Black "TimGrutter03"]
[WhiteFideId "2041251"]
[WhiteElo "2141"]
[BlackElo "2433"]
[Result "0-1"]
[Round "03"]
[TimeControl "180+2"]
[Date "2023.02.28"]
[WhiteClock "0:01:05"]
[BlackClock "0:00:37"]

1. e4 g6 2. d4 Bg7 3. Nc3 d6 4. Nf3 a6 5. Be3 b5 6. Qd2 Bb7 7. a3 Nd7 8. O-O-O Rc8 9. h4 h6 10. d5 c5 11. dxc6 Bxc6 12. h5 g5 13. Bd4 Ngf6 14. Kb1 e5 15. Be3 Nxe4 16. Nxe4 Bxe4 17. Bd3 Bxd3 18. Qxd3 Rc6 19. g4 O-O 20. Qe4 Qc8 21. Rd2 Nf6 22. Qf5 Nxg4 23. Qxc8 Rfxc8 24. Rg1 Nf6 25. Re2 Nxh5 26. c3 Kf8 27. Nd2 f5 28. f3 Nf4 29. Rh2 d5 30. Nb3 Ne6 31. Rd1 Rd8 32. Rhd2 d4 33. cxd4 exd4 34. Nxd4 Nxd4 35. Bxd4 Rxd4 36. Rxd4 Bxd4 37. Rxd4 Kf7 38. Rd8 h5 39. Rh8 h4 40. Rh7+ Kg6 41. Rh8 Rc7 42. Ra8 h3 0-1


[Site "https://www.chess.com"]

[Event "Titled Tuesday Blitz February 28 Early 2023"]
[White "Fiedorek, Michal"]
[Black "De Souza, Cristiano Gomes"]
[WhiteFideId "1199528"]
[BlackFideId "2151758"]
[WhiteElo "2135"]
[BlackElo "2068"]
[Result "1-0"]
[Round "03"]
[TimeControl "180+2"]
[Date "2023.02.28"]
[WhiteClock "0:00:15"]
[BlackClock "0:00:21"]

1. Nf3 Nf6 2. b3 g6 3. Bb2 Bg7 4. c4 O-O 5. g3 d5 6. Bg2 dxc4 7. bxc4 Nbd7 8. O-O Nb6 9. d3 c5 10. Nbd2 Bd7 11. Nb3 Ba4 12. Qc1 Rc8 13. Ne5 Rc7 14. Qe3 Bxb3 15. axb3 a6 16. Rfd1 Nbd7 17. Nxd7 Qxd7 18. d4 cxd4 19. Bxd4 Qc8 20. Rd2 Rd7 21. Bh3 e6 22. Rad1 Rfd8 23. Bb2 Rxd2 24. Rxd2 Rxd2 25. Qxd2 Qd7 26. Qxd7 Nxd7 27. Ba3 Bf8 28. Bb2 b5 29. Bg2 bxc4 30. bxc4 Nb6 31. Bb7 Nxc4 32. Bc3 a5 33. Ba6 Nb6 34. Bxa5 Nd5 35. e4 Nb4 36. Bb5 Nc2 37. Kg2 Nd4 38. Bd3 Nc6 39. Bb6 Ne5 40. Be2 h5 41. f4 Nd7 42. Bd4 Bc5 43. Bc3 Kf8 44. Bb5 Ke7 45. Kf3 Nb6 46. Ke2 f6 47. h3 Bd6 48. Kd3 Nc8 49. e5 fxe5 50. fxe5 Bc7 51. Ke4 Nb6 52. Bb4+ Kf7 53. Ba5 Nd5 54. Bxc7 Nxc7 55. Bc4 Ke7 56. Kf4 Kf7 57. Kg5 Nd5 58. Bd3 Ne7 59. h4 Nf5 60. Bxf5 exf5 61. e6+ Kxe6 62. Kxg6 Ke5 63. Kxh5 Kf6 64. Kh6 Kf7 65. Kg5 Ke6 66. h5 1-0


[Site "https://www.chess.com"]

[Event "Titled Tuesday Blitz February 28 Early 2023"]
[White "Mohammed, Zozek Salah Mohammed"]
[Black "Hartikainen, Jarmo"]
[WhiteFideId "4803361"]
[BlackFideId "503134"]
[WhiteElo "2211"]
[BlackElo "2204"]
[Result "1-0"]
[Round "03"]
[TimeControl "180+2"]
[Date "2023.02.28"]
[WhiteClock "0:01:55"]
[BlackClock "0:00:31"]

1. d4 Nf6 2. Nf3 g6 3. g3 Bg7 4. Bg2 O-O 5. O-O d5 6. c4 c5 7. dxc5 dxc4 8. Nbd2 Nbd7 9. c6 bxc6 10. Nxc4 Bb7 11. Nfe5 Nxe5 12. Nxe5 Rc8 13. Be3 Nd5 14. Bd4 c5 15. Qb3 cxd4 16. Qxb7 Bxe5 17. Qxd5 Qxd5 18. Bxd5 Rc2 19. b4 Rxe2 20. a4 d3 21. Rab1 Rc8 22. a5 d2 23. Bf3 Re1 24. Rfxe1 dxe1=Q+ 25. Rxe1 Bc3 26. Rxe7 Bxb4 27. Rxa7 Rc1+ 28. Kg2 Ra1 29. a6 Kg7 30. Bd5 Rd1 31. Rxf7+ Kh6 32. a7 1-0


[Site "https://www.chess.com"]

[Event "Titled Tuesday Blitz February 28 Early 2023"]
[White "Grigorov, Grigor"]
[Black "Kohler, Aran"]
[WhiteFideId "2907313"]
[BlackFideId "1002856"]
[WhiteElo "2510"]
[BlackElo "2257"]
[Result "1-0"]
[Round "03"]
[TimeControl "180+2"]
[Date "2023.02.28"]
[WhiteClock "0:00:39"]
[BlackClock "0:00:15"]

1. d4 d5 2. Nf3 Nf6 3. c3 c6 4. Bf4 Bf5 5. Qb3 Qb6 6. Nbd2 e6 7. Nh4 Bg6 8. Nxg6 hxg6 9. h3 Be7 10. e3 c5 11. Qxb6 axb6 12. Bd3 Nc6 13. a3 c4 14. Bc2 b5 15. Ke2 Nh5 16. Bh2 f5 17. g4 Nf6 18. Bf4 Ne4 19. Nxe4 fxe4 20. f3 g5 21. Bg3 exf3+ 22. Kxf3 O-O+ 23. Kg2 Rad8 24. e4 dxe4 25. Bxe4 Bd6 26. Rae1 Bxg3 27. Kxg3 Rf6 28. h4 gxh4+ 29. Rxh4 Ne7 30. Bxb7 Nd5 31. Rh5 Nf4 32. Rxb5 Nd3 33. Re3 Rdf8 34. Rf3 Rxf3+ 35. Bxf3 Kf7 36. g5 1-0


[Site "https://www.chess.com"]

[Event "Titled Tuesday Blitz February 28 Early 2023"]
[White "Lagno, Kateryna"]
[Black "Manon-og, Ramon Jr."]
[WhiteFideId "14109336"]
[BlackFideId "5200776"]
[WhiteElo "2508"]
[BlackElo "2339"]
[Result "1-0"]
[Round "03"]
[TimeControl "180+2"]
[Date "2023.02.28"]
[WhiteClock "0:00:29"]
[BlackClock "0:00:02"]

1. e4 c5 2. Nf3 d6 3. d4 cxd4 4. Nxd4 Nf6 5. Nc3 a6 6. Be2 e5 7. Nb3 Be7 8. Be3 O-O 9. g4 Be6 10. g5 Ne8 11. Qd2 Nd7 12. h4 Rc8 13. O-O-O b5 14. Kb1 Nb6 15. h5 Nc4 16. Bxc4 bxc4 17. Nc1 f5 18. gxf6 Nxf6 19. f3 Rb8 20. Rdg1 d5 21. exd5 Nxd5 22. Nxd5 Bxd5 23. Rh3 Ba3 24. b3 Bxc1 25. Kxc1 cxb3 26. axb3 Bxf3 27. Qc3 Qe7 28. Rhg3 Qa3+ 29. Qb2 Qxb2+ 30. Kxb2 Rf7 31. h6 g6 32. Rg5 e4 33. Ra1 Rf6 34. Re5 Rc6 35. Re7 Rbc8 36. c4 R8c7 37. Rxc7 Rxc7 38. Rxa6 Rd7 39. c5 Rd3 40. Bg5 e3 41. Re6 e2 42. Bh4 Rd5 43. c6 Rc5 44. Re8+ Kf7 45. Re7+ Kf8 46. Rxh7 Rxc6 47. Rh8+ Kf7 48. Rh7+ Kg8 49. Re7 g5 50. Bxg5 Rc5 51. h7+ Kh8 52. Bf6# 1-0


[Site "https://www.chess.com"]

[Event "Titled Tuesday Blitz February 28 Early 2023"]
[White "Korpics, Zsolt"]
[Black "Iskusnyh, Sergei"]
[WhiteFideId "705241"]
[BlackFideId "4120027"]
[WhiteElo "2337"]
[BlackElo "2492"]
[Result "0-1"]
[Round "03"]
[TimeControl "180+2"]
[Date "2023.02.28"]
[WhiteClock "0:02:36"]
[BlackClock "0:02:29"]

1. e4 e6 2. d4 d5 3. Nc3 Nf6 4. Bg5 dxe4 5. Nxe4 Nbd7 6. Nf3 h6 7. Nxf6+ Nxf6 8. Bh4 c5 9. dxc5 Bxc5 10. Bb5+ Bd7 11. Bxf6 gxf6 12. Qe2 Qa5+ 13. b4 Bxb4+ 0-1


[Site "https://www.chess.com"]

[Event "Titled Tuesday Blitz February 28 Early 2023"]
[White "Javakhadze, Zurab"]
[Black "Qashashvili, Alexandre"]
[WhiteFideId "13603647"]
[BlackFideId "13600842"]
[WhiteElo "2381"]
[BlackElo "2405"]
[Result "1-0"]
[Round "03"]
[TimeControl "180+2"]
[Date "2023.02.28"]
[WhiteClock "0:01:20"]
[BlackClock "0:00:26"]

1. Nf3 c6 2. g3 d5 3. Bg2 Bf5 4. O-O Qc8 5. c4 Nf6 6. cxd5 Bh3 7. dxc6 Nxc6 8. Qb3 Bxg2 9. Kxg2 h5 10. h4 g6 11. Nc3 Bg7 12. d4 O-O 13. Bg5 Qd7 14. Rfd1 e6 15. Rac1 Nd5 16. e4 Nb6 17. d5 exd5 18. exd5 Na5 19. Qb4 Nac4 20. Ne4 Ne5 21. Nxe5 Bxe5 22. d6 Rac8 23. Rxc8 Rxc8 24. Nf6+ Bxf6 25. Bxf6 Qc6+ 26. Kg1 Nd5 27. Qd4 Nxf6 28. Qxf6 Qd7 29. Re1 Qb5 30. Re7 Rc1+ 31. Kh2 Rh1+ 32. Kxh1 Qf1+ 33. Kh2 Qxf2+ 34. Qxf2 1-0


[Site "https://www.chess.com"]

[Event "Titled Tuesday Blitz February 28 Early 2023"]
[White "Ipek, Egehan"]
[Black "Comas Fabrego, Lluis"]
[WhiteFideId "44523793"]
[BlackFideId "2200325"]
[WhiteElo "1948"]
[BlackElo "2523"]
[Result "0-1"]
[Round "03"]
[TimeControl "180+2"]
[Date "2023.02.28"]
[WhiteClock "0:00:06"]
[BlackClock "0:00:18"]

1. d4 Nf6 2. c4 c5 3. d5 b5 4. cxb5 a6 5. bxa6 g6 6. Nc3 Bg7 7. e4 O-O 8. Nf3 Qa5 9. Be2 Bxa6 10. O-O d6 11. Bg5 Nbd7 12. Qd2 Rfb8 13. Rfb1 Nxe4 14. Nxe4 Qxd2 15. Nfxd2 Bxe2 16. Bxe7 Bxb2 17. Bxd6 Rb6 18. Bxc5 Nxc5 19. Nxc5 Rb5 20. a4 Rxc5 21. Rxb2 Rxa4 22. Re1 Rxd5 23. Ne4 Rxe4 24. f3 Bxf3 0-1


[Site "https://www.chess.com"]

[Event "Titled Tuesday Blitz February 28 Early 2023"]
[White "Williams, Simon K"]
[Black "Kornyukov, Alexey"]
[WhiteFideId "404454"]
[BlackFideId "4150457"]
[WhiteElo "2468"]
[BlackElo "2352"]
[Result "1-0"]
[Round "03"]
[TimeControl "180+2"]
[Date "2023.02.28"]
[WhiteClock "0:00:55"]
[BlackClock "0:01:11"]

1. e4 c5 2. a3 Nc6 3. b4 cxb4 4. axb4 Nxb4 5. d4 d5 6. c3 Nc6 7. exd5 Qxd5 8. Na3 e5 9. Nb5 Qd8 10. d5 Nb8 11. d6 Na6 12. Rxa6 bxa6 13. Nc7+ Kd7 14. Qa4+ Kxd6 15. Ne8+ Ke7 16. Ba3+ Ke6 17. Qg4+ f5 18. Bc4+ Kd7 19. Qxf5+ Kc6 20. Qe4+ Kd7 21. Qd5+ Kxe8 22. Qf7# 1-0


[Site "https://www.chess.com"]

[Event "Titled Tuesday Blitz February 28 Early 2023"]
[White "Sovetbekova, Nurai"]
[Black "Kozlov, Gennady"]
[WhiteFideId "13801910"]
[BlackFideId "4191668"]
[WhiteElo "1857"]
[BlackElo "2356"]
[Result "0-1"]
[Round "03"]
[TimeControl "180+2"]
[Date "2023.02.28"]
[WhiteClock "0:00:18"]
[BlackClock "0:01:58"]

1. d4 e6 2. c4 b6 3. Nc3 Bb7 4. e4 Bb4 5. f3 Nh6 6. Bd3 f5 7. exf5 Nxf5 8. Bxf5 exf5 9. Qe2+ Kf7 10. Be3 Re8 11. f4 Rxe3 12. Qxe3 Bxg2 13. Nf3 Bxh1 14. O-O-O Bxf3 15. Qxf3 Nc6 16. Qh5+ Kg8 17. Qxf5 Bxc3 18. bxc3 Qe7 19. d5 Na5 20. d6 Qf7 21. Qe4 c6 22. Re1 Qxc4 23. Qe5 Qxa2 24. Kd1 Qd5+ 25. Qxd5+ cxd5 26. Re7 Rd8 27. Kd2 Nc6 28. Re2 Kf7 29. Kd3 Re8 30. Rg2 Re6 0-1


[Site "https://www.chess.com"]

[Event "Titled Tuesday Blitz February 28 Early 2023"]
[White "Delgado Rosas, Fatima Alexandra"]
[Black "Cappai, Davide"]
[WhiteFideId "6603963"]
[BlackFideId "813338"]
[WhiteElo "2312"]
[BlackElo "2269"]
[Result "1/2-1/2"]
[Round "03"]
[TimeControl "180+2"]
[Date "2023.02.28"]
[WhiteClock "0:00:19"]
[BlackClock "0:00:42"]

1. d4 c6 2. c4 d6 3. Nc3 Nf6 4. e4 g6 5. Be2 Bg7 6. Be3 e5 7. h3 exd4 8. Bxd4 O-O 9. Nf3 Re8 10. Qc2 Nbd7 11. O-O Qc7 12. Rfe1 a5 13. Rad1 Ne5 14. Nxe5 dxe5 15. Bc5 Bf8 16. Bxf8 Kxf8 17. c5 Be6 18. Na4 Rad8 19. Nb6 Rd4 20. Rxd4 exd4 21. Bc4 Bxc4 22. Nxc4 Rd8 23. Nd6 Ne8 24. e5 Ng7 25. Qb3 Ne6 26. Qc4 b5 27. cxb6 Qxb6 28. b3 c5 29. Rc1 Kg7 30. Kh1 Qc6 31. f3 h5 32. Ne4 d3 33. Rd1 Rd4 34. Qc3 Qd5 35. Nf2 Nf4 36. Qxa5 Qxe5 37. Ne4 Rd5 38. Qc3 Qxc3 39. Nxc3 Re5 40. Ne4 f5 41. Nf2 Rd5 42. a4 Kf6 43. g3 Ne2 44. Rxd3 Nd4 45. a5 Rd6 46. Nd1 Ra6 47. b4 cxb4 48. Rxd4 Rxa5 49. Rxb4 Ra1 50. Rd4 Ke5 51. Rd2 f4 52. Kg2 g5 53. Kf2 Ra3 54. Kg2 Kf5 55. Nf2 Rb3 56. Ne4 g4 57. Rd5+ Ke6 58. Rxh5 Rb2+ 59. Nf2 gxf3+ 60. Kxf3 fxg3 61. Kxg3 Kf6 62. Rh4 Rb3+ 63. Kg2 Kg5 64. Rg4+ Kh5 65. Rg3 Rb2 66. Rf3 Kh4 67. Rf4+ Kh5 68. Kg3 Kh6 69. Rg4 Kh5 70. Ne4 Rb3+ 71. Kf4 Rxh3 72. Ng3+ Kh6 73. Nf5+ Kh7 74. Kg5 Rb3 75. Rc4 Rb7 76. Rh4+ Kg8 77. Rg4 Kf7 78. Ra4 Ke6 79. Re4+ Kd5 80. Re8 Rd7 81. Ra8 Kc6 82. Ra6+ Kb7 83. Rg6 Rd5 84. Kf6 Rd1 85. Rg7+ Kb6 86. Rg4 Kb5 87. Ke6 Re1+ 88. Kd5 Kb6 89. Nd4 Kc7 90. Rg7+ Kd8 91. Kd6 Ke8 92. Ra7 Kf8 93. Kd5 Rd1 94. Ke5 Re1+ 95. Kf6 Rf1+ 96. Nf5 Ke8 97. Ra8+ Kd7 98. Rh8 Kc6 99. Rh7 Kb5 100. Rh4 Rf2 101. Ke5 Rf1 102. Nd4+ Kb6 103. Rh8 Kc7 104. Kd5 Rd1 105. Rh7+ Kd8 106. Ke5 Ke8 107. Nf5 Re1+ 108. Kd6 Rd1+ 109. Ke6 Re1+ 110. Kf6 Kd8 111. Rg7 Kc8 112. Nd6+ Kb8 113. Rb7+ Ka8 114. Rb2 Rf1+ 115. Ke5 Re1+ 116. Kd5 Rc1 117. Ke6 Ka7 118. Rb3 Ka6 119. Ra3+ Kb6 120. Rb3+ Ka5 121. Kd5 Ka4 1/2-1/2


[Site "https://www.chess.com"]

[Event "Titled Tuesday Blitz February 28 Early 2023"]
[White "Nguyen Hong Nhung"]
[Black "Wilson, Elvin"]
[WhiteFideId "12412201"]
[BlackFideId "2014874"]
[WhiteElo "1904"]
[BlackElo "2305"]
[Result "1-0"]
[Round "03"]
[TimeControl "180+2"]
[Date "2023.02.28"]
[WhiteClock "0:02:30"]
[BlackClock "0:00:02"]

1. e4 e6 2. d4 d5 3. Nc3 Bb4 4. e5 c5 5. a3 Bxc3+ 6. bxc3 Ne7 7. Qg4 Qc7 8. Qxg7 Rg8 9. Qxh7 cxd4 10. Ne2 Nbc6 11. f4 dxc3 12. Qd3 d4 13. Nxd4 Nxd4 14. Qxd4 Bd7 15. Rg1 Nf5 16. Qf2 Qc6 17. Bd3 Qd5 18. Be3 Nxe3 19. Qxe3 Rxg2 20. Rxg2 Qxg2 21. Be4 Qxh2 22. O-O-O O-O-O 23. Qxc3+ Kb8 24. Qf3 Kc7 25. Rh1 Qxh1+ 26. Qxh1 Bc6 27. Bxc6 bxc6 28. Qh7 Rd7 29. Qg8 Kb7 30. Qe8 Rc7 31. Kb2 Kb6 32. Kc3 Rb7 1-0


[Site "https://www.chess.com"]

[Event "Titled Tuesday Blitz February 28 Early 2023"]
[White "Novikov, Evgenij"]
[Black "Vifleemskaia, Svetlana"]
[WhiteFideId "4125380"]
[BlackFideId "4129490"]
[WhiteElo "2242"]
[BlackElo "1930"]
[Result "0-1"]
[Round "03"]
[TimeControl "180+2"]
[Date "2023.02.28"]
[WhiteClock "0:00:11"]
[BlackClock "0:00:05"]

1. e4 e5 2. Nc3 Nf6 3. g3 Nc6 4. Bg2 Bc5 5. d3 d6 6. Be3 Bxe3 7. fxe3 Bg4 8. Bf3 Qd7 9. Qe2 O-O-O 10. O-O-O h5 11. h3 Bxf3 12. Nxf3 d5 13. exd5 Nxd5 14. e4 Nxc3 15. bxc3 Qd6 16. Kb2 f6 17. Ka1 Qc5 18. Qd2 Rd6 19. Rb1 a6 20. Rb3 Na5 21. Rb4 Rc6 22. c4 Rb6 23. Rhb1 Rxb4 24. Qxb4 Qxb4 25. Rxb4 Nc6 26. Rb1 b6 27. Kb2 Kd7 28. Kc3 Kd6 29. Nh4 Ne7 30. a4 g5 31. Ng2 Nc6 32. Ne3 Nd4 33. Rf1 Rf8 34. Nf5+ Nxf5 35. Rxf5 Ke6 36. Kd2 Rh8 37. Rf1 g4 38. h4 Rb8 39. Rf5 Rh8 40. c3 c5 41. Ke3 Kf7 42. d4 exd4+ 43. cxd4 cxd4+ 44. Kxd4 Rd8+ 45. Rd5 Rh8 46. Rd6 Rb8 47. Rd7+ Ke6 48. Rh7 Rd8+ 49. Ke3 Rd1 50. Rxh5 Ra1 51. c5 bxc5 52. Rxc5 Rxa4 53. Kf4 Kd6 54. Rf5 Ke6 55. h5 Ra1 56. Kxg4 a5 57. Rb5 a4 58. h6 Rh1 59. Rh5 Rxh5 60. Kxh5 Kf7 61. e5 fxe5 62. g4 a3 63. g5 a2 64. g6+ Ke6 65. h7 a1=Q 66. g7 Qh1+ 67. Kg6 Qg2+ 68. Kh6 Qh3+ 69. Kg6 Qf5+ 70. Kh6 Qh3+ 71. Kg6 Qg4+ 72. Kh6 Qh4+ 73. Kg6 Qg4+ 74. Kh6 Qh4+ 75. Kg6 Qf6+ 76. Kh5 Qxg7 0-1


[Site "https://www.chess.com"]